 Dungeon Crawl Stone Soup version 0.27-a0-522-g46bbb28828 (webtiles) character file.

Game seed: 5968894970112018977

221 tilp the Insei (level 5, -3/36 HPs)
             Began as an Octopode Transmuter on Mar 4, 2021.
             Slain by a centaur (5 damage)
             ... on level 3 of the Dungeon.
             The game lasted 00:06:25 (3930 turns).

tilp the Insei (Octopode Transmuter)                Turns: 3930, Time: 00:06:25

Health: -3/36      AC:  1    Str:  9    XL:     5   Next: 98%
Magic:  7/8        EV: 13    Int: 17    God:
Gold:   74         SH:  0    Dex: 12    Spells: 2/8 levels left

rFire    . . .     SeeInvis .     - Unarmed
rCold    . . .     Faith    .   (no shield)
rNeg     . . .     Spirit   .   (helmet currently unavailable)
rPois    .         Reflect  .   (no amulet)
rElec    .         Harm     .   (no ring)
rCorr    .         Rampage  .   (no ring)
Will     .....                  (no ring)
Stlth    +++.......             (no ring)
HPRegen  0.12/turn              (no ring)
MPRegen  0.11/turn              (no ring)
                                (no ring)
                                (no ring)

@: appendages
A: almost no armour, amphibious, 8 rings, constrict 8, tentacle spike 3,
camouflage 1, gelatinous body 1, nimble swimmer 1
a: End Transformation


You were on level 3 of the Dungeon.
One of your tentacles had a temporary spike.
You visited 1 branch of the dungeon, and saw 5 of its levels.

You collected 74 gold pieces.

Inventory:

Missiles
 c - 48 stones
 e - 12 poisoned darts (quivered)
 m - 9 boomerangs
Armour
 o - a +0 kite shield
Wands
 n - a wand of random effects (22)
Scrolls
 b - a scroll of random uselessness {unknown}
 f - 2 scrolls of fear {unknown}
 g - a scroll of magic mapping {unknown}
 h - 2 scrolls of amnesia {unknown}
 j - a scroll of enchant armour {unknown}
Potions
 a - 2 potions of attraction {unknown}
 d - 2 potions of curing {unknown}
 i - a potion of ambrosia {unknown}
 k - a potion of might {unknown}
 l - a potion of lignification {unknown}


   Skills:
 + Level 3.4 Fighting
 - Level 2.0 Dodging
 - Level 4.0 Stealth
 + Level 4.5 Unarmed Combat
 - Level 2.0 Spellcasting
 - Level 2.0 Transmutations


You had 2 spell levels left.
You knew the following spells:

 Your Spells              Type           Power        Failure   Level
a - Beastly Appendage     Tmut           16%          9%          1
b - Wereblood             Tmut           8%           13%         2
c - Spider Form           Tmut/Pois      2%           36%         3

Your spell library contained the following spells:

 Spells                   Type           Power        Failure   Level
 Ice Form                 Ice/Tmut       5%           77%         4
 Blade Hands              Tmut           4%           93%         5


Dungeon Overview and Level Annotations

Branches:
Dungeon (5/15)
 Temple: D:4-7

Altars:
Wu Jian
Xom

Annotations:
D:3 Grinder
D:5 Menkaure


Innate Abilities, Weirdness & Mutations

You cannot wear most types of armour.
You are amphibious.
You can wear up to eight rings at the same time.
You can use your tentacles to constrict eight enemies at once.
Your skin changes colour to match your surroundings (Stealth+).
Your rubbery body absorbs attacks. (AC +1, EV +1)
You are stealthy while swimming. (Stealth+)
One of your tentacles bears a large vicious spike.


Message History

A centaur comes into view.
A centaur is nearby!
You throw a poisoned dart. The poisoned dart hits the centaur.
The centaur shouts!
The centaur wields a +0 shortbow.
The centaur shoots an arrow.
The arrow hits you!
Unknown command.
Casting: Beastly Appendage (safe; 9% risk of failure)
Confirm with . or Enter, or press ? or * to list all spells.
One of your tentacles grows a vicious spike.
Okay, then.
The centaur unwields a +0 shortbow.
The centaur closely misses you. The centaur barely misses you.
You tentacle-slap the centaur.
The centaur is lightly wounded.
The centaur hits you.
You tentacle-slap the centaur.
Your tentacle spike misses the centaur.
The centaur is moderately wounded.
The centaur barely misses you.
You tentacle-slap the centaur. You squeeze the centaur.
The centaur is severely wounded.
The centaur hits you.
* * * LOW HITPOINT WARNING * * *
The centaur barely misses you.
You tentacle-slap the centaur but do no damage.
The centaur is severely wounded.
The centaur hits you!
* * * LOW HITPOINT WARNING * * *
Unknown command.
You closely miss the centaur.
The centaur is severely wounded.
The centaur hits you.
* * * LOW HITPOINT WARNING * * *
Unknown command.
You barely miss the centaur.
You pierce the centaur.
The centaur is severely wounded.
The centaur hits you.
* * * LOW HITPOINT WARNING * * *
The centaur hits you.
You die...

.# #.#.##.#..#
#... <#
#.........# #...
.# ######.####
##.. .# #.#
######### ##. .#
####.###........
## .#
#...>..#.#####..
# .#
#.##.#.#.#### ##
# #........#
###.#.##@#
...#....c......
#############.##
### ##.## ##...#
##....# #####
#.....# #....


You could see a centaur.

Vanquished Creatures
  A scorpion (D:4)
  A centaur skeleton (D:4)
  Ijyb (D:3)
  3 adders
  4 worms
  3 dart slugs
  3 leopard geckos
  4 orcs (D:3)
  A ball python (D:3)
  6 bats
  A giant cockroach (D:1)
  5 goblins
  5 hobgoblins
  8 jackals (D:1)
  2 quokkas
  5 frilled lizards
  10 kobolds
  A leopard gecko zombie (D:4)
  8 rats
72 creatures vanquished.

Notes
Turn   | Place    | Note
-------+----------+-------------------------------------------
     0 | D:1      | tilp the Octopode Transmuter began the quest for the Orb.
     0 | D:1      | Reached XP level 1. HP: 13/13 MP: 3/3
    24 | D:1      | Reached skill level 1 in Stealth
    66 | D:1      | Found a shimmering altar of Xom.
   227 | D:1      | Reached XP level 2. HP: 18/18 MP: 3/5
   234 | D:1      | Learned a level 2 spell: Wereblood
   443 | D:1      | Reached XP level 3. HP: 17/23 MP: 6/6
   447 | D:1      | Learned a level 3 spell: Spider Form
   683 | D:1      | You fall into a shaft and drop 1 floor!
  1779 | D:2      | You fall into a shaft and drop 2 floors!
  1854 | D:5      | Entered Level 5 of the Dungeon
  2065 | D:5      | Noticed Menkaure
  2101 | D:4      | Reached XP level 4. HP: 20/29 MP: 4/7
  2289 | D:4      | Reached XP level 5. HP: 35/35 MP: 8/8
  3078 | D:3      | Noticed Ijyb
  3091 | D:3      | Killed Ijyb
  3426 | D:3      | Noticed Grinder
  3811 | D:3      | Found an ornate altar of the Wu Jian Council.
  3919 | D:3      | Noticed a centaur
  3930 | D:3      | Slain by a centaur

Illustrated notes

Levels and vault maps discovered:
D:1:      minmay_arrival_open_corners, layout_loops_ring, xom_teletrap_fun
D:2:      layout_basic, grunt_ministairs_3
D:3:      layout_loops_corners, nicolae_qazlal_eye_of_the_storm,
          marbit_many_paths, serial_bayou_pond_b, uniq_ijyb, uniq_grinder
D:4:      layout_loops_ring, lemuel_zombie_altar_kikubaaqudgha,
          lemuel_round_altar, gammafunk_ghost_stat_death, serial_shops,
          nicolae_shop_crystal
D:5:      layout_rooms, lemuel_round_altar, eino_tiny_chamber,
          kennysheep_generic_room_10, uniq_menkaure

Skill      XL: |  1  2  3  4  5 |
---------------+----------------+-----
Stealth        | 2 3 4 |  4.0
Fighting       | 2 3 |  3.4
Unarmed Combat | 4 |  4.5
Dodging        | |  2.0
Spellcasting   | |  2.0
Transmutations | |  2.0

Action                   |  1- 3 |  4- 6 || total
-------------------------+-------+-------++-------
Melee: Unarmed           |    92 |    86 ||   178
       Constrict         |    25 |    22 ||    47
       Tentacles         |    14 |    13 ||    27
       Kick              |     9 |    25 ||    34
       Punch             |     2 |       ||     2
Throw: Stone             |     2 |       ||     2
       Dart              |       |    19 ||    19
 Cast: Beastly Appendage |    11 |    17 ||    28
       Wereblood         |     2 |     5 ||     7
 Stab: Sleeping          |     5 |     7 ||    12
Armor: Skin              |     7 |     2 ||     9
Dodge: Dodged            |    67 |    40 ||   107

Table legend: (Time is in decaauts)
 A = Elapsed time spent in this place.
 B = Non-inter-level travel time spent in this place.
 C = Inter-level travel time spent in this place.
 D = Time resting spent in this place.
 E = Time spent auto-exploring this place.
 F = Levels seen in this place.
 G = Mean time per level.
                   A        B        C        D        E       F      G
               +--------+--------+--------+--------+--------+-----+--------+
         Total |   3919 |   3836 |     83 |    945 |   1951 |   5 |  783.8 |
       Dungeon |   3919 |   3836 |     83 |    945 |   1951 |   5 |  783.8 |
               +--------+--------+--------+--------+--------+-----+--------+

Top non-repeatable levels by time:
     D:1: 1371 daAuts
     D:3: 1281 daAuts
     D:2: 680 daAuts
     D:4: 370 daAuts
     D:5: 214 daAuts
